 Dungeon Crawl Stone Soup version 0.29.1-12-g30fa7ad0bf (webtiles) character file.

Game seed: 3072609827242344100

152 bnorton916 the Magician (level 5, -8/28 HPs)
             Began as a Deep Elf Fire Elementalist on Dec 23, 2022.
             Mangled by a black bear (10 damage)
             ... on level 5 of the Dungeon.
             The game lasted 00:05:22 (7197 turns).

bnorton916 the Magician (DEFE)                      Turns: 7197, Time: 00:05:23

Health: -8/28      AC:  4    Str:  5    XL:     5   Next: 11%
Magic:  5/13       EV: 12    Int: 22    God:
Gold:   165        SH:  0    Dex: 15    Spells: 9/13 levels left

rFire   . . .      SeeInvis .   p - +0 dagger (vamp)
rCold   . . .      Faith    .   (no shield)
rNeg    . . .      Spirit   .   a - +0 robe
rPois   .          Reflect  .   s - +0 helmet
rElec   .          Harm     .   (no cloak)
rCorr   .          Rampage  .   (no gloves)
Will    .....                   h - +0 pair of boots
Stlth   ++........              (no amulet)
HPRegen 0.09/turn               (no ring)
MPRegen 0.13/turn               (no ring)

@: no status effects
A: no striking features
a: no special abilities


You were on level 5 of the Dungeon.
You visited 1 branch of the dungeon, and saw 5 of its levels.

You collected 165 gold pieces.

Inventory:

Hand Weapons
 i - a +0 dagger
 p - a +0 vampiric dagger (weapon)
 q - a +1 spear of venom
Missiles
 o - 2 curare-tipped darts
Armour
 a - a +0 robe (worn)
 h - a +0 pair of boots (worn)
 s - a +0 helmet (worn)
Wands
 j - a wand of light (8)
Scrolls
 d - a scroll of butterflies {unknown}
 e - a scroll of amnesia {unknown}
 l - a scroll of noise {unknown}
 n - 3 scrolls of teleportation
 r - a scroll of torment {unknown}
Potions
 b - a potion of magic
 c - 2 potions of attraction
 f - 2 potions of mutation {unknown}
 g - a potion of might {unknown}
 k - a potion of berserk rage {unknown}
 m - 2 potions of curing
 t - a potion of invisibility {unknown}
 u - a potion of heal wounds {unknown}


   Skills:
 - Level 2.4 Dodging
 - Level 2.4 Stealth
 + Level 4.6 Spellcasting
 + Level 3.0 Conjurations
 + Level 2.0 Hexes
 + Level 4.3 Fire Magic


You had 9 spell levels left.
You knew the following spells:

 Your Spells              Type           Power      Damage    Failure   Level
a - Foxfire               Conj/Fire      84%        2x1d8     2%          1
b - Scorch                Fire           48%        2d7       2%          2
c - Slow                  Hex            56%        N/A       4%          1

Your spell library contained the following spells:

 Spells                   Type           Power      Damage    Failure   Level
 Conjure Flame            Conj/Fire      21%        6-21      7%          3
 Inner Flame              Hex/Fire       19%        N/A       9%          3
 Ensorcelled Hibernation  Hex/Ice        18%        N/A       11%         2
 Confusing Touch          Hex            14%        N/A       14%         3
 Blink                    Tloc           10%        N/A       16%         2
 Flame Wave               Conj/Fire      21%        2d8       22%         4
 Gell's Gravitas          Tloc           5%         N/A       32%         3
 Lesser Beckoning         Tloc           5%         N/A       32%         3
 Spider Form              Tmut/Pois      5%         N/A       32%         3
 Teleport Other           Tloc           5%         N/A       32%         3
 Vampiric Draining        Necr           5%         2d6       32%         3
 Anguish                  Hex/Necr       4%         N/A       56%         4
 Manifold Assault         Tloc           5%         N/A       96%         5


Dungeon Overview and Level Annotations

Branches:
Dungeon (5/15)
 Temple: D:4-7

Altars:
Fedhas
Hepliaklqana
Kikubaaqudgha

Annotations:
D:3 Sigmund
D:4 3 runed translucent doors, mkat's ghost, amateur TeWn


Message History

The black bear is severely wounded.
The black bear's fire resistance burns away.
The foxfire hits the black bear but does no damage.
The black bear is severely wounded.
Casting: Scorch (safe; 2% risk of failure)
Confirm with . or Enter, or press ? or * to list all spells.
You conjure some foxfire!
The black bear bites you but does no damage.
The black bear claws you but does no damage.
The black bear closely misses you.
The black bear is no longer more vulnerable to fire.
The foxfire hits the black bear but does no damage.
The black bear is severely wounded.
The foxfire hits the black bear.
The black bear is almost dead.
The black bear goes berserk!
Unknown command.
Casting: Foxfire (safe; 2% risk of failure)
Confirm with . or Enter, or press ? or * to list all spells.
Flames lash the jelly.
The jelly is severely wounded.
The jelly's fire resistance burns away.
The black bear closely misses you.
The black bear claws you but does no damage.
The black bear claws you.
The black bear bites you but does no damage.
The black bear claws you. x2; The black bear barely misses you. x3
Casting: Scorch (safe; 2% risk of failure)
Confirm with . or Enter, or press ? or * to list all spells.
You conjure some foxfire!
The black bear bites you.
The black bear claws you but does no damage.
The black bear claws you. The jelly barely misses you.
The foxfire hits the jelly!
The jelly is burned terribly!
You kill the jelly!
The foxfire hits the black bear but does no damage.
The black bear is almost dead.
The black bear bites you!
* * * LOW HITPOINT WARNING * * *
The black bear claws you but does no damage.
The black bear completely misses you. The black bear bites you!
You die...

#....# #........
#.....####........
#...............#
#.........<#
##....#.#..#
...........#
##.#...#.##
#.....# #..@#ยง#
#...(.h....#
.......##...#
##..... ....#
....... .$.#
....... ..#
##.##.# .# #. #.
..


You could see a black bear (berserk).

Vanquished Creatures
  A jelly (D:5)
  An iguana (D:3)
  Robin (D:2)
  A gnoll (D:3)
  3 adders
  4 orcs (D:3)
  5 ball pythons
  12 endoplasms
  2 giant cockroaches
  11 goblins
  10 hobgoblins
  3 quokkas
  2 bats
  A frilled lizard (D:1)
  5 kobolds
  6 rats
  A bush (D:1)
69 creatures vanquished.

Vanquished Creatures (collateral kills)
  5 foxfires
5 creatures vanquished.

Vanquished Creatures (others)
  230 foxfires
230 creatures vanquished.

Grand Total: 304 creatures vanquished

Notes
Turn   | Place    | Note
-------+----------+-------------------------------------------
     0 | D:1      | bnorton916 the Deep Elf Fire Elementalist began the quest
                  | for the Orb.
     0 | D:1      | Reached XP level 1. HP: 10/10 MP: 6/6
   417 | D:1      | Reached XP level 2. HP: 8/15 MP: 5/8
  1164 | D:1      | Found a faded altar of an unknown god.
  2549 | D:2      | Reached XP level 3. HP: 19/19 MP: 7/10
  3295 | D:2      | Learned a level 2 spell: Scorch
  3297 | D:2      | Learned a level 1 spell: Slow
  3335 | D:2      | Noticed Robin
  4225 | D:2      | Killed Robin
  4226 | D:2      | Reached XP level 4. HP: 24/24 MP: 7/12
  4236 | D:2      | Reached skill level 1 in Hexes
  5496 | D:3      | Reached XP level 5. HP: 26/28 MP: 9/13
  5859 | D:3      | Noticed Sigmund
  6645 | D:4      | Found a runed translucent gate.
  6645 | D:4      | Found a runed translucent gate.
  6645 | D:4      | Found a runed translucent gate.
  6647 | D:4      | Noticed mkat's ghost (amateur TeWn)
  6865 | D:4      | Found a blossoming altar of Fedhas.
  7074 | D:4      | Found an ancient bone altar of Kikubaaqudgha.
  7075 | D:4      | Found a hazy altar of Hepliaklqana.
  7178 | D:5      | Entered Level 5 of the Dungeon
  7183 | D:5      | Noticed a black bear
  7197 | D:5      | Mangled by a black bear

Illustrated notes

Levels and vault maps discovered:
D:1:      wheals_arrival_linesprint, layout_rooms, basic_ecumenical_altar,
          serial_forest, infiniplex_forest_fountain,
          infiniplex_forest_lined_corner, infiniplex_forest_end_2,
          infiniplex_forest_lined_3_way, infiniplex_forest_straight_5,
          minivault_23
D:2:      layout_loops_corners, nrook_mini_vaults, uniq_robin
D:3:      layout_rooms, kennysheep_nub, uniq_sigmund
D:4:      layout_basic, fedhas_altar_4, minitemple, gammafunk_ghost_split,
          serial_bayou_pond_c
D:5:      layout_loops_ring, gammafunk_ghost_grave, kennysheep_cross_bottleneck

Skill      XL: |  1  2  3  4  5 |
---------------+----------------+-----
Conjurations   | 2 3 |  3.0
Spellcasting   | 4 |  4.6
Fire Magic     | 4 |  4.3
Hexes          | 1 2 |  2.0
Dodging        | |  2.4
Stealth        | |  2.4

Action                   |  1- 3 |  4- 6 || total
-------------------------+-------+-------++-------
Melee: Unarmed           |   353 |       ||   353
       Dagger            |   289 |       ||   289
       Punch             |    11 |       ||    11
 Cast: Foxfire           |    95 |    52 ||   147
       Scorch            |     3 |    17 ||    20
       Slow              |       |     1 ||     1
  Use: Scroll            |     1 |     2 ||     3
 Stab: Sleeping          |     2 |       ||     2
Armor: Robe              |     5 |    13 ||    18
Dodge: Dodged            |    29 |    33 ||    62
